 Dungeon Crawl Stone Soup version 0.30.1-3-gfc49f6343a (webtiles) character file.

Game seed: 17434029916099748832

334 Eitelfritz the Slasher (level 6, 0/53 HPs)
             Began as a Minotaur Gladiator on July 28, 2023.
             Was an Initiate of Makhleb.
             Slain by a gnoll
             ... wielding a +0 spear
              (6 damage)
             ... on level 4 of the Dungeon.
             The game lasted 00:06:31 (3218 turns).

Eitelfritz the Slasher (Minotaur Gladiator)         Turns: 3218, Time: 00:06:32

Health: 0/53       AC:  7    Str: 19    XL:     6   Next: 27%
Magic:  5/5        EV: 11    Int:  7    God:    Makhleb [......]
Gold:   272        SH:  0    Dex: 11    Spells: 5/5 levels left

rFire   . . .        a - +0 long sword
rCold   . . .        (no shield)
rNeg    . . .        q - +1 scale mail {rPois}
rPois   +            c - +0 hat
rElec   .            (no cloak)
rCorr   .            (no gloves)
SInv    .            (no boots)
Will    .....        (no amulet) Stlth
                     (no ring)
HPRegen 0.28/turn    (no ring)
MPRegen 0.09/turn

%: no passive effects
@: no status effects
A: horns 2, retaliatory headbutt
a: Renounce Religion


You were on level 4 of the Dungeon.
You worshipped Makhleb.
Makhleb was noncommittal.
You visited 2 branches of the dungeon, and saw 5 of its levels.

You collected 272 gold pieces.

Inventory:

Hand Weapons
 a - a +0 long sword (weapon)
Missiles
 d - 3 throwing nets (quivered)
 e - a javelin
 l - 8 poisoned darts
Armour
 c - a +0 hat (worn)
 n - a +0 ring mail
 q - a +1 scale mail of poison resistance (worn)
Jewellery
 h - an amulet of magic regeneration
Wands
 p - a wand of flame (26)
Scrolls
 g - 2 scrolls of poison {unknown}
 j - a scroll of fog {unknown}
 m - 2 scrolls of identify {unknown}
 o - 2 scrolls of teleportation {unknown}
 t - a scroll of amnesia {unknown}
 v - a scroll of vulnerability {unknown}
 w - a scroll of acquirement {unknown}
Potions
 b - a potion of curing
 f - 4 potions of brilliance {unknown}
 i - a potion of mutation {unknown}
 k - a potion of flight {unknown}
 r - a potion of degeneration {unknown}
 s - 2 potions of magic {unknown}
 u - 2 potions of might {unknown}


   Skills:
 + Level 4.3 Fighting
 + Level 5.9 Long Blades
 + Level 2.1 Throwing
 + Level 3.1 Armour
 + Level 4.4 Dodging
 + Level 0.3 Stealth


You had 5 spell levels left.
You didn't know any spells.
Your spell library was empty.

Dungeon Overview and Level Annotations

Branches:
Dungeon (4/15)             Temple (1/1) D:4

Altars:
Ashenzari
Cheibriados
Dithmenos
Elyvilon
Fedhas
Gozag
Hepliaklqana
Kikubaaqudgha
Makhleb
Nemelex Xobeh
Okawaru
Qazlal
Ru
Sif Muna
Trog
Uskayaw
Wu Jian
Xom
Yredelemnul
Zin
The Shining One

Shops:
D:1 [


Innate Abilities, Weirdness & Mutations

You have a pair of horns on your head.
You reflexively headbutt those who attack you in melee.


Message History

You feel better. The adder bites you but does no damage.
The gnoll hits you but does no damage.
You closely miss the adder.
The adder is almost dead.
The adder bites you.
* * * LOW HITPOINT WARNING * * *
The gnoll completely misses you.
You closely miss the adder.
The adder is almost dead.
The adder barely misses you. The gnoll misses you. The adder misses you.
You miss the adder. Your headbutt misses the adder.
The adder is almost dead.
The adder bites you.
* * * LOW HITPOINT WARNING * * *
The gnoll hits you from afar with a +0 spear.
* * * LOW HITPOINT WARNING * * *
You hit the adder but do no damage.
The adder is almost dead.
The adder bites you.
* * * LOW HITPOINT WARNING * * *
The gnoll closely misses you. The adder bites you but does no damage.
You hit the adder.
You kill the adder!
Makhleb accepts your kill. The gnoll barely misses you.
The gnoll hits you with a +0 spear.
* * * LOW HITPOINT WARNING * * *
The gnoll barely misses you.
Things that are here:
a +0 flail; a gnoll corpse You barely miss the gnoll.
The gnoll hits you with a +0 spear!
* * * LOW HITPOINT WARNING * * *
The gnoll barely misses you.
You feel better. The gnoll hits you with a +0 spear.
* * * LOW HITPOINT WARNING * * *
The gnoll misses you.
You barely miss the gnoll. Your headbutt misses the gnoll.
The gnoll closely misses you.
The gnoll hits you from afar with a +0 spear.
You die...

.......# ......# .....
... #'# #)#
............. #g#
............. #g#
............. #@#
............. #.#####
...........######....##
...........#..#...#...##
...........#..#........#
......######.....#.....#
...(.....#....#..#...#.#
.........#.....#######.#
..#####.....#....# #.#


You could see 2 gnolls.

Vanquished Creatures
  A hound (D:3)
  3 orc priests (D:3)
  Jessica (D:2)
  Terence (D:2)
  An orc wizard (D:3)
  A gnoll (D:4)
  3 adders
  A worm (D:3)
  2 dart slugs
  10 orcs
  5 ball pythons
  6 bats
  4 endoplasms
  2 giant cockroaches
  7 hobgoblins
  8 jackals (D:1)
  5 quokkas
  2 frilled lizards
  4 goblins
  13 kobolds
  11 rats
91 creatures vanquished.

Notes
Turn   | Place    | Note
-------+----------+-------------------------------------------
     0 | D:1      | Eitelfritz the Minotaur Gladiator began the quest for the
                  | Orb.
     0 | D:1      | Reached XP level 1. HP: 18/18 MP: 0/0
   104 | D:1      | Reached XP level 2. HP: 16/25 MP: 1/1
   108 | D:1      | Reached skill level 4 in Long Blades
   532 | D:1      | Found Tamn's Armour Shoppe.
   705 | D:1      | Reached XP level 3. HP: 26/30 MP: 2/2
  1010 | D:1      | Reached skill level 1 in Armour
  1278 | D:2      | Identified the +11 hand axe of the Feather {flame, rF+ rC+}
  1435 | D:2      | Noticed Terence
  1436 | D:2      | Found a hide-covered altar of Uskayaw.
  1437 | D:2      | Noticed Jessica
  1450 | D:2      | Killed Terence
  1451 | D:2      | Reached XP level 4. HP: 27/38 MP: 3/3
  1460 | D:2      | Killed Jessica
  1931 | D:3      | Reached skill level 5 in Long Blades
  2041 | D:3      | Reached XP level 5. HP: 43/45 MP: 4/4
  2377 | D:3      | Found a faded altar of an unknown god.
  2555 | D:3      | Reached XP level 6. HP: 52/52 MP: 5/5
  2795 | D:3      | Found a burning altar of Makhleb.
  2800 | D:3      | Became a worshipper of Makhleb the Destroyer
  2988 | D:4      | Found a staircase to the Ecumenical Temple.
  2993 | Temple   | Entered the Ecumenical Temple
  3112 | D:4      | Found a sparkling altar of Nemelex Xobeh.
  3117 | D:4      | Found a sacrificial altar of Ru.
  3122 | D:4      | Found a glowing silver altar of Zin.
  3125 | D:4      | Found a shimmering altar of Xom.
  3134 | D:4      | Found an opulent altar of Gozag.
  3143 | D:4      | Found a blossoming altar of Fedhas.
  3207 | D:4      | HP: 1/52 [gnoll/+0 spear (7)]
  3216 | D:4      | HP: 1/53 [gnoll/+0 spear (7)]
  3218 | D:4      | Slain by a gnoll

Illustrated notes

Levels and vault maps discovered:
D:1:      grunt_arrival_lava_bath, layout_basic, serial_shops,
          nicolae_shop_behind_doors, amcnicky_mini_rare_corridor_liquid
D:2:      layout_loops_ring, basic_altar, minmay_fountain_box,
          chequers_decorated_corner, uniq_jessica, uniq_terence
D:3:      layout_loops_ring, lightli_temple_of_fire,
          shapermc_ecumenical_altar_totnotflames, kennysheep_cluttered_room,
          minmay_starry_boxes
D:4:      layout_basic, nicolae_overflow_hallway_of_the_gods, vehumet_statue,
          minmay_temple_entry_arrows, gammafunk_ghost_arena,
          hangedman_decor_push, kennysheep_generic_room_16,
          uniq_crazy_yiuf_cottage
Temple:   nicolae_temple_great_sept

Skill      XL: |  1  2  3  4  5  6 |
---------------+-------------------+-----
Long Blades    | 4 5 |  5.9
Armour         | 1 2 3 |  3.1
Fighting       | 3 4 |  4.3
Dodging        | 4 |  4.4
Throwing       | |  2.1
Stealth        | |  0.3

Action                     |  1- 3 |  4- 6 || total
---------------------------+-------+-------++-------
  Melee: Long sword        |   105 |   120 ||   225
         Headbutt          |    15 |    20 ||    35
         Punch             |       |     2 ||     2
    Use: Potion            |       |     3 ||     3
 Armour: Leather armour    |    35 |       ||    35
         Ring mail         |    16 |     6 ||    22
         Scale mail        |       |    33 ||    33
  Dodge: Dodged            |   100 |    79 ||   179
